 Dungeon Crawl Stone Soup version 0.26-a0-665-gefeb406119 (webtiles) character file.

Game seed: 11266342967992342424

4 miscthings the Sneak (level 1, 0/20 HPs)
             Began as a Palentonga Delver on Oct 16, 2020.
             Slain by a jackal (2 damage)
             ... on level 5 of the Dungeon.
             The game lasted 00:00:37 (104 turns).

miscthings the Sneak (Palentonga Delver)             Turns: 104, Time: 00:00:37

Health: 0/20       AC:  4    Str: 15    XL:     1   Next: 58%
Magic:  1/1        EV:  9    Int: 10    God:
Gold:   0          SH:  0    Dex: 11    Spells: 0/0 levels left

rFire    . . .     SeeInvis +   a - +0 hand axe
rCold    . . .     Faith    .   (no shield)
rNeg     . . .     Spirit   .   b - +0 leather armour
rPois    .         Reflect  .   (no helmet)
rElec    .         Harm     .   (no cloak)
rCorr    .         Rampage  .   (no gloves)
MR       .....                  (no barding)
Stlth    ++........             (no amulet)
HPRegen  0.06/turn              (no ring)
MPRegen  0.07/turn              (no ring)

@: no status effects
A: large, rugged brown scales 3, see invisible, deformed body, roll, armoured
tail
a: Rolling Charge


You were on level 5 of the Dungeon.
You visited 1 branch of the dungeon, and saw 2 of its levels.

Inventory:

Hand Weapons
 a - a +0 hand axe (weapon)
Armour
 b - a +0 leather armour (worn)
Wands
 g - a wand of digging (3)
Scrolls
 c - a scroll of fog
 d - a scroll of magic mapping
Potions
 f - a potion of haste


   Skills:
 - Level 3.0 Fighting
 + Level 2.4 Axes
 - Level 1.5 Dodging
 - Level 3.3 Stealth


You couldn't memorise any spells.
You didn't know any spells.
Your spell library was empty.

Dungeon Overview and Level Annotations

Branches:
Dungeon (6/15)
 Temple: D:4-7

Altars:

Annotations:
D:5 Sigmund


Innate Abilities, Weirdness & Mutations

You are completely covered in rugged brown scales. (AC +3, +7% HP)
You have supernaturally acute eyesight. (SInv)
Armour fits poorly on your strangely shaped body.
You can roll at foes to attack.
You have a long armoured tail.


Message History

The jackal bites you but does no damage.
You closely miss the jackal.
The jackal is moderately wounded.
You closely miss the jackal.
The jackal bites you but does no damage.
The jackal barely misses you.
The jackal bites you but does no damage.
You hit the jackal.
You tail-slap the jackal, but do no damage.
The jackal is almost dead.
You closely miss the jackal. The jackal barely misses you.
The jackal bites you.
* * * LOW HITPOINT WARNING * * *
The jackal bites you but does no damage.
You closely miss the jackal.
The jackal is almost dead.
You closely miss the jackal. The jackal barely misses you.
The jackal bites you but does no damage.
The jackal bites you.
You die...

####### .......
.......
.......#######
.............#
.............####
........hh.......
.......##@.......
..h.... ####.#...
...#### # . .. .


You could see 2 jackals.

Vanquished Creatures
  An orc (D:5)
  2 jackals (D:5)
3 creatures vanquished.

Notes
Turn   | Place    | Note
-------+----------+-------------------------------------------
     0 | D:5      | miscthings the Palentonga Delver began the quest for the
                  | Orb.
     0 | D:5      | Reached XP level 1. HP: 20/20 MP: 1/1
    23 | D:5      | Noticed Sigmund
    23 | D:5      | Noticed a centaur
   104 | D:5      | Slain by a jackal

Illustrated notes

Levels and vault maps discovered:
D:5:      layout_basic, lemuel_coloured_pillars_altar, kennysheep_little_box,
          grunt_temple_overflow_open, hangedman_decor_points,
          serial_park_tiny_2, uniq_sigmund
D:6:      layout_basic, minmay_temple_entry_enclosed_plants, uniq_menkaure

Action                   || total
-------------------------++-------
Melee: Hand axe          ||    17
       Tailslap          ||     4
 Abil: Rolling Charge    ||     1
  Use: Scroll            ||     1
Armor: Leather armour    ||    13
Dodge: Dodged            ||    15

Table legend: (Time is in decaauts)
 A = Elapsed time spent in this place.
 B = Non-inter-level travel time spent in this place.
 C = Inter-level travel time spent in this place.
 D = Time resting spent in this place.
 E = Time spent auto-exploring this place.
 F = Levels seen in this place.
 G = Mean time per level.
                   A        B        C        D        E       F      G
               +--------+--------+--------+--------+--------+-----+--------+
         Total |    107 |    107 |      0 |     27 |      8 |   2 |   53.5 |
       Dungeon |    107 |    107 |      0 |     27 |      8 |   2 |   53.5 |
               +--------+--------+--------+--------+--------+-----+--------+

Top non-repeatable levels by time:
     D:5: 88 daAuts
     D:6: 18 daAuts
